Yev-Ruu, chaotic female vampiric Convict ############(############################ ------ % #--- ------------ -----# |....| ### #|. +....-. |..| |...|# +....| ----------- # #|.| |....| |..| |...|# # |....| |>^........## #|.----------....----|---+----...|############.....| |.........| #|...............G@..............|# # |...<| |..........######%#|.----------....@..----------...|# -.---- -.--------- #|.| +......{| |%%.|...|# ########## #|.+ |.......| |%%.-...-#### # #|.----------.......| |%%.|...| # ### #|.............{....-....|% |...| ### # #|.-----------|---.----------|...| # ----------.- #|.| ... |.| |(](.-...| ### ------ |.......%...#####|.| |((((|.| |]((.|...| % |....| |..........| #|.| |((((|.| |((( |...| ###|....| |...........#####|.- ------.- ---- -...| #.....| ------------ |. . ...| ------ --- --- ----- Yev-Ruu the Jail-bird Experience level: 7 Strength: 17 Dexterity: 12 Constitution: 18 Intelligence: 13 Wisdom: 8 Charisma: 3 Health: 0(71) Energy: 0(0) AC: 0 Gold: 226 Moves: 2384 Your Inventory: Coins $ - 226 gold pieces Armor b - a cursed +0 striped shirt (being worn) q - an [uncursed] +0 dwarvish mithril-coat (being worn) s - an [uncursed +0] large round shield [dwarvish roundshield] t - an [uncursed] +0 hard hat [of searching (dwarvish iron helm)] (being worn) u - an [uncursed] +0 pair of hard shoes [iron] (being worn) Scrolls o - an [uncursed] scroll labeled KERNOD WEL [of flood] v - a [cursed] scroll labeled XIXAXA XOXAXA XUXAXA [of remove curse] Potions y - an [uncursed] puce potion [of restore ability] Tools m - an [uncursed] towel n - a [cursed oil] lamp w - 2 [uncursed tallow] candles Gems l - 2 [uncursed] violet gems [worthless glass] x - 2 [uncursed] blue gems [worthless glass] Iron balls c - an [uncursed] heavy iron ball (chained to you) (weapon in hand) Spells known in the end: Name Level Category Fail Memory Your skills at the end: Fighting Skills Weapon Skills sling [Basic / Skilled] Spellcasting Skills Final Attributes: You were piously aligned. Hunger level was 129. Your alignment was 21 / 21. Monster difficulty range was 1 - 6. Level difficulty was 6. You were immune to poison. You were immune to level-drain. You were immune to sickness. You were punished. You had automatic searching. You could fly. You could survive without air. You regenerated. Your luck was zero. You are dead. Vanquished creatures: a dust vortex a snake a human zombie a rock piercer a rock mole 3 gnome lords a gnomish wizard a red naga hatchling a black naga hatchling a floating eye 6 dwarves an iguana 3 acid blobs 2 hobbits 19 gnomes 3 garter snakes 2 gnome zombies 3 geckos 3 jackals a fox 3 kobolds 6 sewer rats 3 grid bugs a bat 2 lichens a kobold zombie 4 newts 75 creatures vanquished. Voluntary challenges: You went without food. You were illiterate. You never hit with a wielded weapon. You put on armor 5 times. You never genocided any monsters. You never polymorphed an object. You never changed form. You used no wishes. You abstained from Elbereth's help. You never encountered a bones level. You never used any Sokoban shortcuts. Dungeon overview: The Dungeons of Doom: levels 1 to 3 Level 1 an altar to Tymora a long staircase Level 3 stairs to The Gnomish Mines The Gnomish Mines: levels 4 to 7 Level 4 stairs to The Dungeons of Doom Level 6 <- You were here some shops, some fountains History has recorded: On T:1 you entered the Dungeons of Doom to retrieve the Amulet of Yendor! On T:531 you advanced to experience level 2. On T:667 you reached level 2 of The Dungeons of Doom. On T:780 you advanced to experience level 3. On T:922 you advanced to experience level 4. On T:1024 you reached level 3 of The Dungeons of Doom. On T:1461 you reached level 1 of The Gnomish Mines. On T:1468 you advanced to experience level 5. On T:1676 you advanced to experience level 6. On T:1826 you reached level 2 of The Gnomish Mines. On T:1994 you advanced to experience level 7. On T:2009 you reached level 3 of The Gnomish Mines. On T:2117 you reached level 4 of The Gnomish Mines. Latest messages: c - a heavy iron ball (chained to you) (weapon in hand). The gnomish wizard zaps a wand of sleep! The sleep ray hits you! [HP+1=27] The watchman thrusts her short sword. The watchman hits! The gnomish wizard casts a spell at you! You get a slight headache. The gnomish wizard points at you, then curses. [HP-5=22] The watchman thrusts her short sword. The watchman hits! The gnomish wizard points at you, then curses. [HP-10=12] The watchman thrusts her short sword. The watchman hits! The gnomish wizard points at you, then curses. [HP-10=2] The gnomish wizard points at you, then curses. [HP+1=3] The watchman thrusts her short sword. The watchman hits! You die... Final status: Goodbye Yev-Ruu the Convict... You died in The Gnomish Mines on dungeon level 6 with 2604 points, and 226 pieces of gold, after 2384 moves. You were level 7 with a maximum of 71 hit points when you died.